 Dungeon Crawl Stone Soup version 0.30.1-3-gfc49f6343a (webtiles) character file.

Game seed: 15617363659160291904

8610 Almogavar the Severer (level 11, -9/100 HPs)
             Began as a Hill Orc Fighter on July 20, 2023.
             Was a Priest of Makhleb.
             Mangled by a tentacled starspawn (11 damage)
             ... on level 2 of the Abyss.
             The game lasted 00:25:06 (8490 turns).

Almogavar the Severer (Hill Orc Fighter)            Turns: 8490, Time: 00:25:06

Health: -9/100     AC: 12    Str: 34    XL:     11   Next: 33%
Magic:  11/11      EV: 16    Int: 11    God:    Makhleb [***...]
Gold:   530        SH:  5    Dex: 10    Spells: 10/10 levels left

rFire   + . .        n - +0 war axe (vamp)
rCold   + . .        c - +0 buckler
rNeg    . . .        S - +0 acid dragon scales
rPois   .            A - +0 helmet
rElec   .            (no cloak)
rCorr   +            q - +1 pair of gloves
SInv    .            (no boots)
Will    .....        z - amulet "Ogetzo Kask" {Acrobat Str+4 Int+3}
Stlth   +            J - ring "Plog" {Drain rF+ rC+ rCorr Str+6}
HPRegen 0.36/turn    y - +5 ring of evasion
MPRegen 0.12/turn

%: acrobat
@: no status effects
A: no striking features
a: Renounce Religion, Minor Destruction, Lesser Servant of Makhleb


You were on level 2 of the Abyss.
You worshipped Makhleb.
Makhleb was most pleased with you.
You visited 1 branch of the dungeon, and saw 10 of its levels.
You visited the Abyss 1 time.
You also visited: Sewer.

You collected 530 gold pieces.

Inventory:

Hand Weapons
 n - a +0 vampiric war axe (weapon)
 P - a +5 mace of freezing
Missiles
 Q - a throwing net (quivered)
Armour
 c - a +0 buckler (worn)
 g - a +1 plate armour of willpower
 q - a +1 pair of gloves (worn)
 t - a +0 chain mail
 A - a +0 helmet (worn)
 S - +0 acid dragon scales (worn)
Magical Staves
 E - a staff of air
Jewellery
 i - a ring of willpower
 y - a +5 ring of evasion (right hand)
 z - the amulet "Ogetzo Kask" (around neck) {Acrobat Str+4 Int+3}
   (You found it on level 5 of the Dungeon)

   [amulet of the acrobat]

   It increases your evasion while moving and waiting.
   Str:       It affects your strength (+4).
   Int:       It affects your intelligence (+3).
 F - a ring of ice
 J - the ring "Plog" (left hand) {Drain rF+ rC+ rCorr Str+6}
   (You found it on level 6 of the Dungeon)

   [ring of strength]

   Str:       It affects your strength (+6).
   rF:        It protects you from fire.
   rC:        It protects you from cold.
   rCorr:     It protects you from acid and corrosion.
   Drain:     It drains your maximum health when unequipped.
 N - a +6 ring of dexterity
Wands
 v - a wand of charming (4)
 K - a wand of flame (26)
 O - a wand of mindburst (10)
Scrolls
 d - a scroll of fog
 l - a scroll of brand weapon
 r - a scroll of immolation {unknown}
 u - a scroll of enchant weapon
 w - a scroll of magic mapping {unknown}
 x - 2 scrolls of silence {unknown}
 B - 3 scrolls of fear
 C - a scroll of enchant armour {unknown}
 G - 3 scrolls of teleportation
 H - a scroll of amnesia {unknown}
 L - 2 scrolls of poison {unknown}
 R - a scroll of acquirement {unknown}
Potions
 a - 2 potions of ambrosia
 e - a potion of mutation {unknown}
 f - 5 potions of heal wounds {unknown}
 h - 6 potions of curing {unknown}
 j - a potion of berserk rage {unknown}
 k - 2 potions of haste {unknown}
 m - a potion of resistance {unknown}
 o - a potion of invisibility {unknown}
 p - 2 potions of attraction {unknown}
 s - 2 potions of cancellation {unknown}
 D - a potion of brilliance {unknown}
 I - 3 potions of lignification {unknown}
 M - a potion of degeneration {unknown}


   Skills:
 + Level 10.2 Fighting
 + Level 16.4 Axes
 + Level 9.4 Armour
 - Level 0.1 Dodging
 - Level 5.0 Shields


You had 10 spell levels left.
You didn't know any spells.
Your spell library contained the following spells:

 Spells                   Type           Power      Damage    Failure   Level
 Slow                     Hex            0%         N/A       41%         1
 Confusing Touch          Hex            0%         N/A       80%         3
 Dazzling Flash           Conj/Hex       0%         N/A       80%         3
 Vampiric Draining        Necr           0%         2d6       80%         3
 Volatile Blastmotes      Fire/Tloc      0%         2d10      80%         3
 Iskenderun's Mystic Bla  Conj/Tloc      0%         2d3       99%         4
 Blade Hands              Tmut           0%         N/A       100%        5
 Irradiate                Conj/Tmut      0%         3d11      100%        5
 Starburst                Conj/Fire      0%         6d3       100%        6
 Dragon Form              Tmut           0%         N/A       100%        7


Dungeon Overview and Level Annotations

Branches:
Dungeon (10/15)            Temple (0/1) D:7            Lair (0/5) D:10
  Sewer (visited)
    Orc: D:9-12

Altars:
Ashenzari
Cheibriados
Dithmenos
Gozag
Makhleb
Nemelex Xobeh
Sif Muna
Vehumet
Xom
Yredelemnul
The Shining One

Shops:
D:7 :*

Annotations:
D:10 Sonja


Message History

Sonja hits you but does no damage. Space warps around you.
* * * LOW HITPOINT WARNING * * *
Sonja hits you with a +1 short sword of distortion.
* * * LOW HITPOINT WARNING * * *
You are cast into the Abyss!
This branch contains the abyssal rune of Zot.
You start resting.
A ynoxinul comes into view.
The ynoxinul bellows!
A tentacled starspawn comes into view.
The ynoxinul completely misses you.
You slash the ynoxinul!
The ynoxinul is moderately wounded.
You hit the ynoxinul.
The ynoxinul is heavily wounded.
The ynoxinul hits you but does no damage.
You closely miss the ynoxinul.
The ynoxinul is heavily wounded.
You block the ynoxinul's attack.
You closely miss the ynoxinul.
The ynoxinul is heavily wounded.
You barely miss the tentacled starspawn.
Tentacles burst from the starspawn's body!
The ynoxinul completely misses you. 2 starspawn tentacles come into view.
Unknown command.
You slice the ynoxinul!!
You kill the ynoxinul!
Makhleb accepts your kill.
You feel better.
You hit the tentacled starspawn but do no damage.
Unknown command.
Unknown command.
Unknown command.
You slice the tentacled starspawn!!
The tentacled starspawn is moderately damaged.
The tentacled starspawn bites you!!
* * * LOW HITPOINT WARNING * * *
The tentacled starspawn tentacle-slaps you!
You die...

. .. ....#.#
.......#..
......#.
....∩.#
.....## #
....... #.w.#
#wX# #.@#
#...# .......
..........
...#.......
..#.......#.
..##.....#...
........#..


You could see a tentacled starspawn and 2 starspawn tentacles.

Vanquished Creatures
  2 two-headed ogres (D:9)
  Pikel (D:4)
  Joseph (D:9)
  The ghost of Sigmuldom the Slasher, a novice DsBe of Trog (D:5)
  A kobold demonologist (D:9)
  A shadow (D:10)
  A vampire (D:9)
  A ynoxinul (Abyss:2)
  6 yaks
  A wraith (D:7)
  A wyvern (D:9)
  3 wargs
  A water moccasin (D:5)
  An acid dragon (D:10)
  An orc warrior (D:7)
  2 black bears
  5 centaurs
  2 lemures (D:4)
  7 kobold brigands
  A gnoll sergeant (D:9)
  3 bullfrogs
  8 scorpions
  15 wights
  8 killer bees
  A howler monkey (D:9)
  A crimson imp (D:4)
  2 orc priests
  2 jellies
  A gnoll bouda (D:8)
  5 hounds
  4 iguanas
  Jessica (D:3)
  A sleepcap (D:6)
  Terence (D:2)
  6 orc wizards
  11 adders
  10 gnolls
  A shadow imp (D:5)
  6 worms
  4 dart slugs
  18 orcs
  11 ball pythons
  4 endoplasms
  4 giant cockroaches
  6 goblins
  13 hobgoblins
  A jackal (D:5)
  4 quokkas
  6 bats
  4 frilled lizards
  16 kobolds
  14 rats
232 creatures vanquished.

Notes
Turn   | Place    | Note
-------+----------+-------------------------------------------
     0 | D:1      | Almogavar the Hill Orc Fighter began the quest for the Orb.
     0 | D:1      | Reached XP level 1. HP: 19/19 MP: 1/1
   236 | D:1      | Reached XP level 2. HP: 23/27 MP: 2/2
   426 | D:1      | Reached skill level 3 in Axes
   824 | D:2      | Reached XP level 3. HP: 32/33 MP: 3/3
   911 | D:2      | Found a faded altar of an unknown god.
  1376 | D:2      | Reached XP level 4. HP: 34/40 MP: 4/4
  1417 | D:2      | Reached skill level 4 in Axes
  1449 | D:2      | Noticed Terence
  1455 | D:2      | Killed Terence
  1786 | D:3      | Found a basalt altar of Yredelemnul.
  1958 | D:3      | Found a sparkling altar of Nemelex Xobeh.
  2324 | D:3      | Reached XP level 5. HP: 47/47 MP: 5/5
  2469 | D:3      | Noticed Jessica
  2475 | D:3      | Found a shimmering blue altar of Sif Muna.
  2484 | D:3      | Killed Jessica
  2584 | D:4      | Found a glowing drain.
  2588 | D:4      | Noticed a lemure
  2588 | D:4      | Noticed Pikel
  2588 | D:4      | Noticed a lemure
  2591 | D:4      | Noticed a lemure
  2593 | D:4      | Noticed a lemure
  2594 | D:4      | Reached skill level 5 in Axes
  2596 | D:4      | Killed a lemure
  2600 | D:4      | Killed Pikel
  2600 | D:4      | Killed a lemure
  2601 | D:4      | Reached skill level 5 in Fighting
  2601 | D:4      | Reached skill level 7 in Axes
  2601 | D:4      | Reached skill level 5 in Armour
  2601 | D:4      | Reached XP level 6. HP: 29/56 MP: 6/6
  2601 | D:4      | Reached XP level 7. HP: 32/61 MP: 7/7
  2620 | D:4      | Reached skill level 8 in Axes
  2630 | Sewer    | Entered a sewer
  2951 | Sewer    | Reached XP level 8. HP: 61/70 MP: 8/8
  3331 | Sewer    | Reached skill level 9 in Axes
  3465 | D:4      | Found a burning altar of Makhleb.
  3465 | D:4      | Found a shimmering altar of Xom.
  3476 | D:4      | Became a worshipper of Makhleb the Destroyer
  3995 | D:5      | Entered Level 5 of the Dungeon
  4238 | D:5      | Found a radiant altar of Vehumet.
  4331 | D:5      | Reached skill level 10 in Axes
  4555 | D:5      | Reached XP level 9. HP: 78/78 MP: 9/9
  4596 | D:5      | Reached * piety under Makhleb
  4602 | D:5      | Identified the +7 spear of Peace {pain, rN+}
  4666 | D:5      | Reached skill level 11 in Axes
  4666 | D:5      | Reached skill level 5 in Shields
  4698 | D:5      | Found a runed translucent door.
  4850 | D:5      | Found a snail-covered altar of Cheibriados.
  4861 | D:5      | Identified the amulet "Ogetzo Kask" {Acrobat Str+4 Int+3}
  5075 | D:5      | Noticed Sigmuldom's ghost (novice DsBe)
  5088 | D:5      | Killed Sigmuldom's ghost
  5353 | D:6      | Found a shadowy altar of Dithmenos.
  5493 | D:6      | Identified the ring "Plog" {Drain rF+ rC+ rCorr Str+6}
  5563 | D:6      | Found a glowing golden altar of the Shining One.
  5652 | D:6      | Reached skill level 12 in Axes
  5828 | D:7      | Found a staircase to the Ecumenical Temple.
  5837 | D:7      | Identified the +3 short sword of Uffaol {heavy, Int+3}
  5876 | D:7      | Found Dummacur's Gadget Gallery.
  5956 | D:7      | Found Ygiaxt's Book Shoppe.
  5968 | D:7      | Reached ** piety under Makhleb
  6411 | D:8      | Reached skill level 13 in Axes
  6415 | D:8      | Reached XP level 10. HP: 88/88 MP: 10/10
  6802 | D:8      | Found a broken altar of Ashenzari.
  6952 | D:8      | Found an opulent altar of Gozag.
  6966 | D:8      | Reached skill level 14 in Axes
  7359 | D:9      | Noticed Joseph
  7396 | D:9      | Killed Joseph
  7566 | D:9      | Noticed a two-headed ogre
  7572 | D:9      | Killed a two-headed ogre
  7573 | D:9      | Reached skill level 15 in Axes
  7794 | D:9      | Noticed a two-headed ogre
  7804 | D:9      | Killed a two-headed ogre
  7804 | D:9      | Reached *** piety under Makhleb
  8037 | D:10     | Entered Level 10 of the Dungeon
  8037 | D:10     | Noticed a kobold demonologist
  8050 | D:9      | Reached XP level 11. HP: 97/97 MP: 11/11
  8185 | D:9      | Reached skill level 16 in Axes
  8323 | D:10     | Reached skill level 10 in Fighting
  8390 | D:10     | Found a staircase to the Lair.
  8410 | D:10     | Noticed Sonja
  8443 | Abyss:2  | Cast into level 2 of the Abyss (Sonja)
  8482 | Abyss:2  | Noticed a tentacled starspawn
  8490 | Abyss:2  | HP: 2/100 [tentacled starspawn (31)]
  8490 | Abyss:2  | Mangled by a tentacled starspawn

Illustrated notes

Levels and vault maps discovered:
D:1:      dpeg_arrival_shrine, layout_loops_ring, minmay_misc_feat_pillars
D:2:      layout_basic, ebering_ecumenical_altar_abandoned, roderic_lattice_a,
          chequers_avenue, uniq_terence
D:3:      layout_basic, tgw_sif, yredelemnul_altar_generic,
          nemelex_dance_club_becter
D:4:      layout_basic, grunt_temple_overflow_champion_of_chaos,
          gup_sewer_entry_glass, uniq_pikel
D:5:      minmay_clustersquares, layout_basic, nicolae_vehumet_radiance,
          ebering_ghost_reflecting_pool, minmay_ruined_shrine
D:6:      layout_cave_pools, nicolae_tso_carved_into_rock,
          nicolae_dithmenos_through_a_glass_darkly
D:7:      layout_cave_pools, minmay_temple_entry_offerings, serial_shops, shop,
          nicolae_shop_gadgets
D:8:      layout_basic, cheibrodos_ashenzari_chains, nicolae_gozag_seed_capital,
          solitary_fountain
D:9:      layout_loops_ring, uniq_joseph
D:10:     layout_layer_cave, erik_lair_orcish_takeover, uniq_sonja
Abyss:2:  base: D:4, hangedman_shadowy_showcase

Skill      XL: |  1  2  3  4  5  6  7  8  9 10 11 |
---------------+----------------------------------+-----
Axes           | 3 4 7 8 10 13 15 16 | 16.4
Fighting       | 4 5 6 8 9 10 | 10.2
Armour         | 4 5 6 7 9 |  9.4
Shields        | 4 5 |  5.0
Dodging        | |  0.1

Action                     |  1- 3 |  4- 6 |  7- 9 | 10-12 || total
---------------------------+-------+-------+-------+-------++-------
  Melee: War axe           |   102 |    90 |   369 |   226 ||   787
    Use: Scroll            |       |     4 |     4 |       ||     8
         Potion            |       |     1 |       |       ||     1
 Armour: Scale mail        |    50 |    37 |   124 |    40 ||   251
         Acid dragon scale |       |       |       |     8 ||     8
  Dodge: Dodged            |    47 |    46 |   189 |   171 ||   453
  Block: Buckler           |    20 |    18 |    90 |    58 ||   186
